Map: Golden Wall LE

Players

Nice

  • Race: Protoss Protoss
  • Spawn Location: 5:00

Has - Winner!

  • Race: Protoss Protoss
  • Spawn Location: 7:00

Event: DreamHack SC2 Masters 2020 Summer TwHkMoJp

VOD

Have the link to the VOD?

Description

Time

  • Played on: June 28, 2020, 8:43 a.m.
  • Length: 4:33

All games in this series

Show
View Real Time Build Order
Export as new Build Order

Nice Protoss 

Build Orders:  

Get SALT Encoding   

  12  0:00  Probe  
  13  0:12  Probe  
  14  0:20  Pylon  
  14  0:25  Probe  
  15  0:35  Probe  
  15  0:38  Gateway  
  16  0:43  Probe  
  16  0:49  Assimilator  
  17  0:52  Probe  
  18  0:58  Assimilator  
  18  1:04  Probe  
  19  1:11  Gateway  
  19  1:12  Probe  
  20  1:20  Probe  
  21  1:29  Cybernetics Core  
  21  1:31  Probe  
  22  1:43  Probe  
  22  1:44  Pylon  
  23  1:57  Warp Gate  
  23  2:02  Probe  
  23  2:06  Adept x2  
  28  2:14  Probe  
  29  2:18  Pylon  
  29  2:36  Adept x2  
  33  2:53  Shield Battery  
  33  2:55  Pylon  
  33  3:06  Adept x2  
  33  3:08  Shield Battery  
  37  3:13  Nexus  
  37  3:21  Pylon  
  37  3:22  Probe  
  37  3:36  Robotics Facility  
  38  3:43  Probe  
  38  3:45  Adept x2  
  42  3:51  Probe  
  39  4:06  Stalker  
Show
View Real Time Build Order
Export as new Build Order

Has Protoss - Winner!

Build Orders:  

Get SALT Encoding   

  12  0:00  Probe  
  13  0:12  Probe  
  14  0:17  Pylon  
  14  0:24  Probe  
  15  0:33  Probe  
  15  0:36  Gateway  
  16  0:43  Probe  
  16  0:44  Assimilator  
  17  0:54  Probe  
  17  0:56  Assimilator  
  18  1:06  Probe  
  18  1:10  Gateway  
  19  1:18  Probe  
  20  1:24  Cybernetics Core  
  20  1:30  Probe  
  21  1:42  Probe  
  21  1:44  Pylon  
  22  1:51  Warp Gate  
  22  1:54  Probe  
  23  2:02  Adept x2  
  23  2:06  Probe  
  28  2:16  Pylon  
  28  2:18  Probe  
  29  2:27  Pylon  
  29  2:34  Pylon  
  29  2:49  Nexus  
  28  2:57  Adept  
  28  2:58  Sentry  
  32  3:04  Pylon  
  33  3:16  Robotics Facility  
  33  3:18  Probe  
  33  3:24  Shield Battery  
  33  3:30  Probe  
  34  3:39  Adept x2  
  38  3:42  Probe  
  39  3:50  Probe  
  41  4:04  Gateway  
  41  4:06  Stalker  
  42  4:11  Stalker  
  44  4:18  Shield Battery  
  44  4:20  Probe  
Tags
 
Add a new tag
Caveats
  • Supply blocks, unpowered buildings, or Contaminate may cause inaccurate times.
  • Supply counts are checked every 10 seconds.